 Dungeon Crawl Stone Soup version 0.20.0-3-g22ec75f (webtiles) character file.

7766 tryingrandom the Cleaver (level 11, -2/156 HPs)
             Began as a Minotaur Berserker on May 26, 2017.
             Was a High Priest of Trog.
             Slain by an orc warrior
             ... wielding a cursed +0 dire flail
              (4 damage)
             ... on level 9 of the Dungeon.
             The game lasted 00:11:59 (8537 turns).

tryingrandom the Cleaver (Minotaur Berserker)       Turns: 8537, Time: 00:12:00

Health: -2/156     AC: 17    Str: 31    XL:     11   Next: 1%
Magic:  10/10      EV: 10    Int:  4    God:    Trog [*****.]
Gold:   146        SH:  0    Dex: 14    Spells: 10/10 levels left

rFire    . . .     SeeInvis +   Q - +4 battleaxe of Poblotoh {holy, *Slow rC- Dex+5 SInv}
rCold    . . .     Gourm    .   (shield currently unavailable)
rNeg     . . .     Faith    +   L - +0 chain mail
rPois    .         Spirit   .   j - +1 hat {MR+}
rElec    .         Reflect  .   b - scarf {cloud immunity}
rCorr    .         Harm     .   T - +2 pair of gloves
MR       ++...                  d - +0 pair of boots
Stlth    ..........             o - amulet of faith
Regen    0.4/turn               I - ring of protection from cold
MPRegen  0.2/turn               H - ring of protection from magic

@: berserking, very quick
A: retaliatory headbutt, horns 2
a: Berserk, Trog's Hand, Brothers in Arms, Burn Spellbooks, Renounce Religion


You were on level 9 of the Dungeon.
You worshipped Trog.
Trog was extremely pleased with you.
You were not hungry.

You visited 2 branches of the dungeon, and saw 11 of its levels.

You collected 624 gold pieces.
You spent 478 gold pieces at shops.

Inventory:

Hand Weapons
 a - a +0 hand axe
 r - a +2 dagger of venom
 y - a +0 war axe
 Q - the +4 battleaxe of Poblotoh (weapon) {holy, *Slow rC- Dex+5 SInv}
   (Trog gifted it to you on level 7 of the Dungeon)

   It has been blessed by the Shining One to cause great damage to the undead
   and demons.
   It affects your dexterity (+5).
   It makes you vulnerable to cold.
   It lets you see invisible.
   It may slow you when you take damage.
Armour
 b - a scarf of cloud immunity (worn)
 d - a +0 pair of boots (worn)
 j - a +1 hat of magic resistance (worn)
 L - a +0 chain mail (worn)
 T - a +2 pair of gloves (worn)
Jewellery
 l - an uncursed ring of stealth
 o - an amulet of faith (around neck)
 x - a +3 ring of intelligence {unknown}
 B - an uncursed amulet of rage {unknown}
 E - an uncursed ring of resist corrosion
 H - a ring of protection from magic (right hand)
 I - a ring of protection from cold (left hand)
 J - an uncursed amulet of regeneration {unknown}
Wands
 N - a wand of iceblast (9/15)
 S - a wand of confusion (18/48)
 V - a wand of flame (30/48)
Scrolls
 e - 8 scrolls of identify {unknown}
 f - a scroll of enchant armour {unknown}
 i - 3 scrolls of amnesia {unknown}
 k - a scroll of remove curse
 m - 2 scrolls of teleportation {unknown}
 s - 2 scrolls of magic mapping
 u - 2 scrolls of blinking {unknown}
 w - a scroll of immolation {unknown}
 z - a scroll of random uselessness {unknown}
 C - a scroll of fear {unknown}
 D - a scroll of recharging {unknown}
 K - a scroll of noise {unknown}
 O - a scroll of summoning {unknown}
 P - a scroll of vulnerability {unknown}
 U - a scroll of fog {unknown}
Potions
 g - 3 potions of haste {unknown}
 h - a potion of degeneration {unknown}
 p - 2 potions of invisibility {unknown}
 q - 2 potions of mutation {unknown}
 t - a potion of ambrosia {unknown}
 v - 2 potions of agility {unknown}
 A - 4 potions of heal wounds {unknown}
 F - a potion of flight {unknown}
 M - 2 potions of brilliance {unknown}
 R - a potion of curing {unknown}
Comestibles
 c - 5 bread rations
 n - 5 royal jellies
 G - 6 fruits
 W - a meat ration


   Skills:
 + Level 12.2 Fighting
 * Level 13.2 Axes
 + Level 10.0 Armour
 - Level 2.1 Dodging


You had 10 spell levels left.
You didn't know any spells.

Dungeon Overview and Level Annotations

Branches:
Dungeon (11/15)            Temple (1/1) D:6            Lair (0/6) D:10
    Orc: D:9-12

Altars:
Elyvilon
Gozag
Hepliaklqana
Okawaru
Ru
Xom
Yredelemnul

Shops:
D:6 }   D:10 [[


Innate Abilities, Weirdness & Mutations

You reflexively headbutt those who attack you in melee.
You have a pair of horns on your head.


Message History

A red film seems to cover your vision as you go berserk!
You feel yourself moving faster!
You feel mighty!
You feel a lot more hungry.
The two-headed ogre hits you with a giant club.
* * * LOW HITPOINT WARNING * * *
The two-headed ogre hits you with a giant club!!
* * * LOW HITPOINT WARNING * * *
The orc warrior barely misses you. You furiously retaliate!
You headbutt the orc warrior, but do no damage.
Your chain mail prevents you from hitting the two-headed ogre.
The two-headed ogre is heavily wounded.
You slash the orc warrior!
You open the orc warrior like a pillowcase!!!
You feel the power of Trog in you as your rage grows.
You kill the orc warrior!
Trog accepts your kill.
Your Armour skill increases to level 10!
You have reached level 11!
You barely miss the orc warrior.
The orc warrior hits you with a dire flail.
You die...

.. ... ....
########....
#...........
#.....o.....
#..)oOo.....
#..)@o......
#...........
#..†........
#...........
#....#########.......
#######......#.......
##_## #..#...#.......
8...8 #..#...#.......
..... #..#...........


You could see a two-headed ogre, 2 orc warriors and 2 orcs.

Vanquished Creatures
  A two-headed ogre (D:10)
  Pikel (D:6)
  A cyclops (D:11)
  An ugly thing (D:11)
  An elephant (D:10)
  Joseph (D:7)
  Grinder (D:4)
  Sigmund (D:2)
  A yak (D:10)
  2 vampires (D:10)
  A wyvern (D:10)
  A basilisk (D:10)
  Edmund (D:5)
  A water moccasin (D:10)
  4 orc warriors
  Duvessa (D:5)
  2 sky beasts
  A slave (D:6)
  2 ice beasts
  An eye of draining (D:10)
  6 ogres
  A necrophage (D:9)
  4 centaurs
  A crocodile (D:10)
  3 bullfrogs
  A wyvern zombie (D:6)
  Blork the orc (D:6)
  Dowan (D:5)
  2 wyvern skeletons (D:10)
  A scorpion (D:10)
  A water moccasin skeleton (D:10)
  5 killer bees (D:11)
  A wight (D:10)
  4 crimson imps
  A quasit (D:9)
  6 orc priests
  3 hounds
  8 orc wizards
  A bullfrog zombie (D:6)
  A jelly (D:10)
  A gnoll shaman (D:9)
  A centaur skeleton (D:4)
  An iguana (D:6)
  8 worker ants
  A hound skeleton (D:11)
  4 gnolls (D:9)
  10 adders
  2 shadow imps (D:5)
  2 oozes
  3 adder skeletons
  6 dart slugs
  2 leopard geckos
  38 orcs
  9 giant cockroaches
  10 hobgoblins
  12 jackals
  6 kobolds
  5 quokkas
  A ball python (D:7)
  6 bats
  8 frilled lizards
  10 goblins
  A jackal skeleton (D:5)
  2 quokka skeletons
  5 rats
232 creatures vanquished.

Vanquished Creatures (others)
  2 slaves (D:6)
  A bullfrog (D:6)
  A worker ant (D:6)
  A gnoll (D:6)
  An orc (D:6)
  A butterfly (D:6)
7 creatures vanquished.

Grand Total: 239 creatures vanquished

Notes
Turn   | Place    | Note
-------+----------+-------------------------------------------
     0 | D:1      | tryingrandom the Minotaur Berserker began the quest for the Orb.
     0 | D:1      | Reached XP level 1. HP: 19/19 MP: 0/0
   155 | D:1      | Reached skill level 4 in Axes
   155 | D:1      | Reached XP level 2. HP: 27/27 MP: 1/1
   614 | D:2      | Reached XP level 3. HP: 29/34 MP: 2/2
   681 | D:2      | Reached ** piety under Trog
   941 | D:2      | Noticed Sigmund
   953 | D:2      | Killed Sigmund
   953 | D:2      | Reached skill level 5 in Axes
   953 | D:2      | Reached XP level 4. HP: 24/44 MP: 3/3
   953 | D:2      | Reached XP level 5. HP: 28/50 MP: 4/4
   956 | D:2      | Reached skill level 6 in Axes
  1602 | D:3      | Reached XP level 6. HP: 55/57 MP: 5/5
  1696 | D:3      | Reached *** piety under Trog
  2084 | D:4      | Noticed Grinder
  2090 | D:4      | Paralysed by Grinder for 6 turns
  2103 | D:4      | Killed Grinder
  2103 | D:4      | Reached skill level 7 in Axes
  2434 | D:4      | Reached XP level 7. HP: 66/66 MP: 6/6
  2629 | D:4      | Reached skill level 8 in Axes
  3367 | D:4      | Found a faded altar of an unknown god.
  3367 | D:4      | Found a faded altar of an unknown god.
  3372 | D:4      | Found a basalt altar of Yredelemnul.
  3374 | D:4      | Found a hazy altar of Hepliaklqana.
  3376 | D:4      | Found a sacrificial altar of Ru.
  3416 | D:5      | Entered Level 5 of the Dungeon
  3464 | D:5      | Noticed Duvessa
  3464 | D:5      | Noticed Dowan
  3474 | D:5      | Killed Duvessa
  3475 | D:5      | Reached **** piety under Trog
  3501 | D:5      | Killed Dowan
  3501 | D:5      | Reached XP level 8. HP: 26/75 MP: 7/7
  3783 | D:5      | Got an ancient leather armour
  3811 | D:5      | Noticed Edmund
  3819 | D:5      | Killed Edmund
  4438 | D:5      | Reached skill level 9 in Axes
  4890 | D:6      | Noticed Pikel
  4896 | D:6      | Killed Pikel
  4896 | D:6      | Reached skill level 5 in Armour
  4904 | D:6      | Reached XP level 9. HP: 54/85 MP: 8/8
  5555 | D:6      | Reached skill level 10 in Axes
  5582 | D:6      | Reached skill level 10 in Fighting
  5617 | D:6      | Identified the cursed +0 leather armour "Kiror" {rC+ MR+ Dex-5} (You found it on level 5 of the Dungeon)
  5704 | D:6      | Reached ***** piety under Trog
  5894 | D:6      | Found Unetre's Gadget Emporium.
  5945 | D:6      | Noticed Blork the orc
  5950 | D:6      | Killed Blork the orc
  6063 | D:6      | Found a staircase to the Ecumenical Temple.
  6071 | Temple   | Entered the Ecumenical Temple
  6216 | D:7      | Noticed Joseph
  6224 | D:7      | Killed Joseph
  6846 | D:7      | Received a gift from Trog
  6850 | D:7      | Got a twisted battleaxe {god gift}
  6851 | D:7      | Identified the +4 battleaxe of Poblotoh {holy, *Slow rC- Dex+5 SInv} (Trog gifted it to you on level 7 of the Dungeon)
  6900 | D:7      | Reached skill level 11 in Axes
  7188 | D:7      | You fall through a shaft for 2 floors!
  7298 | D:9      | You fall through a shaft for 2 floors!
  7346 | D:11     | Noticed a white ugly thing
  7351 | D:11     | Killed a white ugly thing
  7351 | D:11     | Reached XP level 10. HP: 81/96 MP: 9/9
  7360 | D:10     | Entered Level 10 of the Dungeon
  7422 | D:10     | Found Hotid's Armour Boutique.
  7450 | D:10     | Noticed an elephant
  7454 | D:10     | Found a staircase to the Lair.
  7461 | D:10     | Killed an elephant
  7464 | D:10     | Reached skill level 12 in Axes
  7922 | D:10     | Noticed a two-headed ogre
  7927 | D:10     | Killed a two-headed ogre
  8004 | D:10     | Found Lymawkam's Antique Armour Boutique.
  8009 | D:10     | Bought a runed hat for 231 gold pieces
  8016 | D:10     | Bought a pair of embroidered gloves for 247 gold pieces
  8154 | D:11     | Noticed a cyclops
  8160 | D:11     | Reached skill level 13 in Axes
  8163 | D:11     | Killed a cyclops
  8189 | D:11     | Noticed a cyclops
  8525 | D:9      | Found an opulent altar of Gozag.
  8529 | D:9      | Noticed a two-headed ogre
  8536 | D:9      | HP: 2/145 [two-headed ogre/giant club (23)]
  8537 | D:9      | Reached skill level 10 in Armour
  8537 | D:9      | Reached XP level 11. HP: 2/104 MP: 10/10
  8537 | D:9      | Slain by an orc warrior

Skill      XL: |  1  2  3  4  5  6  7  8  9 10 |
---------------+-------------------------------+-----
Fighting       | 4 6 7 8 9 11 12 | 12.2
Axes           | 4 5 6 7 8 9 11 13 | 13.2
Armour         | 3 5 8 10 | 10.0
Dodging        | |  2.1

Action                   |  1- 3 |  4- 6 |  7- 9 | 10-12 || total
-------------------------+-------+-------+-------+-------++-------
Melee: Hand axe          |    67 |    58 |       |       ||   125
       Headbutt          |    12 |    19 |    46 |    20 ||    97
       Dagger            |     4 |    36 |    51 |       ||    91
       War axe           |       |       |   175 |       ||   175
       Battleaxe         |       |       |    29 |    88 ||   117
Invok: Berserk           |     1 |       |     5 |     3 ||     9
       Trog's Hand       |       |     1 |       |       ||     1
       Burn Spellbooks   |       |       |       |     1 ||     1
  Use: Scroll            |     2 |       |     1 |       ||     3
 Stab: Sleeping          |     1 |     3 |       |       ||     4
  Eat: Chunk             |       |     5 |    14 |     1 ||    20
       Meat ration       |       |       |     2 |       ||     2
       Bread ration      |       |       |       |     1 ||     1
Armor: Animal skin       |     8 |    13 |    11 |       ||    32
       Ring mail         |       |       |    32 |       ||    32
       Chain mail        |       |       |    71 |    47 ||   118
Dodge: Dodged            |    46 |    51 |   128 |    52 ||   277
